 Dungeon Crawl Stone Soup version 0.22-a0-757-gdba82d8 (webtiles) character file.

121 sking99 the Skirmisher (level 4, 0/37 HPs)
             Began as a Demonspawn Fighter on July 16, 2018.
             Succumbed to an adder's poison
             ... on level 2 of the Dungeon.
             The game lasted 00:02:38 (1584 turns).

sking99 the Skirmisher (Demonspawn Fighter)         Turns: 1584, Time: 00:02:39

Health: 0/37       AC: 13    Str: 17    XL:     4   Next: 76%
Magic:  4/4        EV:  7    Int: 10    God:
Gold:   62         SH:  9    Dex: 12    Spells: 3/3 levels left

rFire    . . .     SeeInvis .   g - +0 flail (protect)
rCold    . . .     Gourm    .   c - +0 shield
rNeg     . . .     Faith    .   b - +0 scale mail
rPois    .         Spirit   .   (no helmet)
rElec    .         Reflect  .   n - scarf {cloud immunity}
rCorr    .         Harm     .   (no gloves)
MR       .....                  (no boots)
Stlth    ..........             (no amulet)
HPRegen  0.12/turn              (no ring)
MPRegen  0.09/turn              (no ring)

@: lethally poisoned (0 -> -2), protection aura, flying, hasted, very quick
A: powered by pain 1, rot immunity
a: no special abilities


You were on level 2 of the Dungeon.
You were hungry.

You visited 1 branch of the dungeon, and saw 2 of its levels.

You collected 62 gold pieces.

Inventory:

Hand Weapons
 g - a +0 flail of protection (weapon)
Armour
 b - a +0 scale mail (worn)
 c - a +0 shield (worn)
 n - a scarf of cloud immunity (worn)
Jewellery
 m - an uncursed ring of protection from magic {unknown}
Scrolls
 a - a scroll of teleportation {unknown}
 e - a scroll of remove curse {unknown}
 h - 3 scrolls of identify {unknown}
 i - a scroll of fear {unknown}
 k - 2 scrolls of enchant weapon {unknown}
Potions
 d - 2 potions of might
Comestibles
 f - 3 rations
 l - 5 chunks of flesh


   Skills:
 + Level 3.7 Fighting
 * Level 3.4 Maces & Flails
 - Level 2.6 Armour
 + Level 3.3 Shields


You had 3 spell levels left.
You didn't know any spells.
Your spell library was empty.

Dungeon Overview and Level Annotations

Branches:
Dungeon (2/15)

Altars:


Innate Abilities, Weirdness & Mutations

You sometimes gain a little power by taking damage.
You are immune to rotting.


Message History

You feel sick. The bat hits you but does no damage.
The bat hits you but does no damage. x2
You see here an adder corpse.
You closely miss the bat. You block the bat's attack.
The bat barely misses you.
You closely miss the bat.
* * * LOW HITPOINT WARNING * * *
You feel sick. You block the bat's attack. The bat hits you but does no damage.
The bat closely misses you.
Your shield and scale mail prevent you from hitting the bat.
The bat hits you but does no damage.
* * * LOW HITPOINT WARNING * * *
You feel sick. The bat hits you but does no damage.
You miss the bat. The bat hits you but does no damage.
You block the bat's attack.
You hit the bat.
Your weapon exudes an aura of protection.
The bat is severely wounded.
The bat hits you but does no damage.
You die...

#.......# #.#####.#
##...###.###
##..........#
#......##.#†#
#......##.#.#
#.#.......#.#
#.#########.# #.# #@#
#.# #.b.....#
######.############.##.#
......[##.....# ..
.#####.##.....# #.# .#
#.##.....# # .#
#.##.....# .#
#.##.....###
.#####.##..)....#


You could see a bat.

Vanquished Creatures
  An orc wizard (D:2)
  3 adders (D:2)
  2 dart slugs (D:1)
  4 orcs (D:2)
  10 bats
  A giant cockroach (D:1)
  5 goblins
  8 hobgoblins
  4 jackals (D:1)
  6 kobolds
  A quokka (D:2)
  A ball python (D:1)
  2 frilled lizards (D:2)
  4 rats (D:1)
52 creatures vanquished.

Notes
Turn   | Place    | Note
-------+----------+-------------------------------------------
     0 | D:1      | sking99 the Demonspawn Fighter began the quest for the Orb.
     0 | D:1      | Reached XP level 1. HP: 18/18 MP: 1/1
    59 | D:1      | Gained mutation: You sometimes gain a little power by taking damage. [demonic ancestry]
    59 | D:1      | Reached XP level 2. HP: 17/24 MP: 2/2
   362 | D:1      | Gained mutation: You are immune to rotting. [demonic ancestry]
   362 | D:1      | Reached XP level 3. HP: 29/29 MP: 3/3
  1055 | D:2      | Reached XP level 4. HP: 16/36 MP: 4/4
  1580 | D:2      | HP: 1/37 [poisoned by an adder]
  1584 | D:2      | Succumbed to an adder's poison

Vault maps used:
D:1:      sevenhm_arrival_forest_fort_small_1

Skill      XL: |  1  2  3 |
---------------+----------+-----
Maces & Flails | 2 3 |  3.4
Shields        | 3 |  3.3
Fighting       | |  3.7
Armour         | |  2.6

Action                   |  1- 3 |  4- 6 || total
-------------------------+-------+-------++-------
Melee: Flail             |   114 |    84 ||   198
  Use: Potion            |       |     2 ||     2
  Eat: Chunk             |       |     2 ||     2
Armor: Scale mail        |    61 |    57 ||   118
Dodge: Dodged            |    35 |    27 ||    62
Block: Shield            |    61 |    42 ||   103

Table legend:
 A = Spawn XP
 B = Non-spawn XP
 C = Spawn XP percentage of total XP
 D = Spawn monster count
 E = Non-spawn monster count
 F = Spawn count percentage of total count
 G = Total turns spent on level
                    A         B        C        D         E        F      G
               +---------+---------+-------+---------+---------+-------+---------
         Total |       0 |     173 |   0.0 |       0 |      52 |   0.0 |  1584
               +---------+---------+-------+---------+---------+-------+---------
           D:1 |       0 |      53 |   0.0 |       0 |      28 |   0.0 |  1012
           D:2 |       0 |     120 |   0.0 |       0 |      24 |   0.0 |   572
               +---------+---------+-------+---------+---------+-------+---------
